[Event "4NCL 2022-2023"]
[Site "Daventry"]
[Date "2023.02.12"]
[Round "6.10"]
[White "Lupulescu, Constantin"]
[Black "Gormally, Daniel W"]
[Result "1/2-1/2"]
[ECO "B56"]
[WhiteElo "2592"]
[BlackElo "2448"]
[Annotator "TA"]
[PlyCount "105"]
[EventDate "2022.10.20"]
[EventType "team-tourn"]
[EventCountry "ENG"]
[SourceTitle "playchess.com"]
[Source "ChessBase"]
[SourceQuality "1"]
[TimeControl "40/6000+30:2400+30"]

1. e4 c5 2. Nf3 d6 3. d4 cxd4 4. Nxd4 Nf6 5. Nc3 Nc6 6. Bb5 Bd7 7. Be3 {[%emt 0:00:00] 7.Bg5 is setting a new trend.} a6 {[%emt 0:03:57] B56: Classical Sicilian: Unusual Lines.} 8. Be2 Nxd4 9. Qxd4 e5 {[%emt 0:01:11] White is slightly better.} 10. Qd2 {[%emt 0:00:00] [#]} h6 $146 ({Predecessor:} 10... Bc6 11. Bf3 Be7 12. O-O O-O 13. Rad1 b5 14. Bg5 b4 15. Bxf6 bxc3 16. Bxe7 cxd2 17. Bxd8 Raxd8 18. Rxd2 {½-½ Nguyen,C-Bui,D VIE-ch U17 Hue 2003 (1)}) 11. O-O-O Rc8 12. f3 Qa5 13. Kb1 Be7 14. g4 Be6 15. a3 (15. h4 {is interesting.} Rxc3 16. Qxc3 Qxa2+ 17. Kc1) 15... Rxc3 {[%emt 0:13:45][%mdl 64] [#] Deflection} 16. Qxc3 Qxc3 17. bxc3 d5 18. exd5 $1 Nxd5 19. Rd3 Bg5 20. Bxg5 hxg5 21. Bf1 b5 22. h3 Ke7 23. Rh2 Rc8 24. Kb2 Nb6 25. Re3 Kf6 26. h4 (26. Rd2 $5 ) 26... gxh4 27. Rxh4 Na4+ 28. Kc1 Nxc3 29. Rh5 g5 30. Bd3 a5 31. Rh6+ Kg7 32. Rh7+ Kf6 33. Rh6+ Kg7 34. Rh7+ (34. Rh1 $5 ) 34... Kf6 35. Re1 Rc5 (35... b4 $14) 36. Rh6+ $16 Kg7 37. Rh7+ Kf6 38. Kd2 b4 39. Rh6+ Kg7 40. Rh7+ Kf6 41. Rh6+ Kg7 {[%emt 0:40:05] [#]} 42. axb4 $1 axb4 43. Rh7+ Kf6 44. Rh6+ Kg7 $1 45. Rh7+ Kf6 $1 46. Ra1 {[%emt 0:00:00] White is more active.} Rd5 $1 47. Ra7 {[%emt 0:00:00] Rh6+ is the strong threat.} (47. Ke3 $5 ) 47... e4 48. fxe4 Nxe4+ 49. Ke3 Nd6 50. Rh6+ Ke5 {[%emt 0:00:00] The position is equal.} 51. Rh5 Kf6 52. Rh6+ Ke5 53. Rh5 {[%emt 0:02:53] Weighted Error Value: White=0.24 (precise) /Black=0.07 (flawless)} 1/2-1/2

[Event "4NCL 2022-2023"]
[Site "Daventry"]
[Date "2023.02.12"]
[Round "6.11"]
[White "Ledger, Andrew J"]
[Black "Cyborowski, Lukasz"]
[Result "1/2-1/2"]
[ECO "D37"]
[WhiteElo "2313"]
[BlackElo "2498"]
[Annotator "TA"]
[PlyCount "42"]
[EventDate "2022.10.20"]
[EventType "team-tourn"]
[EventCountry "ENG"]
[SourceTitle "playchess.com"]
[Source "ChessBase"]
[SourceQuality "1"]
[TimeControl "40/6000+30:2400+30"]

1. d4 d5 2. c4 e6 3. Nf3 Nf6 4. Nc3 Be7 5. Bf4 O-O 6. e3 Nbd7 7. c5 Nh5 {[%emt 0:06:57] The position is equal.} 8. Bd3 {[%emt 0:01:17] D37: Queen's Gambit Declined: 5 Bf4.} c6 9. O-O Nxf4 (9... b6 {feels hotter.} 10. Ne5 Nxe5 11. Bxh7+ Kxh7 12. Qxh5+ Kg8) 10. exf4 b6 11. b4 Qc7 12. g3 a5 13. a3 Ba6 14. Bxa6 Rxa6 15. Qe2 Raa8 16. Na4 Bf6 17. Nb2 {[%emt 0:10:04] [#]} axb4 $146 ({Predecessor:} 17... Ra7 18. Rfb1 axb4 19. axb4 Rfa8 20. Qd1 h6 21. h4 Qb7 22. Nd3 Ra3 23. Kg2 R8a7 24. Rxa3 Rxa3 {½-½ Urkedal,F (2558)-Mitusov,S (2332) Kvisla 2022 (9)}) 18. axb4 Ra7 19. Nd3 Rfa8 20. Qb2 Qb7 21. Qc3 h6 {[%emt 0:03:43] Not much happened in this game.   Weighted Error Value: White=0.03 (flawless) /Black=0.02 (flawless)} 1/2-1/2

[Event "4NCL 2022-2023"]
[Site "Daventry"]
[Date "2023.02.12"]
[Round "6.12"]
[White "Jaracz, Pawel"]
[Black "Bates, Richard A"]
[Result "1-0"]
[ECO "B66"]
[WhiteElo "2465"]
[BlackElo "2329"]
[Annotator "TA"]
[PlyCount "87"]
[EventDate "2022.10.20"]
[EventType "team-tourn"]
[EventCountry "ENG"]
[SourceTitle "playchess.com"]
[Source "ChessBase"]
[SourceQuality "1"]
[TimeControl "40/6000+30:2400+30"]

1. e4 c5 2. Nf3 d6 3. d4 cxd4 4. Nxd4 Nf6 5. Nc3 a6 6. Bg5 Nc6 7. Qd2 e6 8. O-O-O h6 9. Nxc6 bxc6 10. Bf4 d5 11. Qe3 Be7 12. Be2 {[%emt 0:01:24] B66: Sicilian: Richter-Rauzer: 7...a6 8 0-0-0 h6.} O-O 13. h4 Nh7 (13... Nd7 $14) 14. g4 $1 $18 {[%emt 0:31:30][%cal Bg2g4,Bg4g5,Bg5h6,Bh6g7][%mdl 32] White is clearly better.} Bxh4 {[%emt 0:04:35] [#]} 15. Kb1 $1 {[%emt 0:00:13][%cal Of4h6] Hoping for Bxh6!} Bg5 {[%emt 0:04:36] [#]} 16. Bxg5 Qxg5 17. f4 Qe7 {[%emt 0:05:42] [#]} 18. g5 $1 d4 19. Qxd4 e5 {[%emt 0:00:44] [#]} 20. Qb6 $146 (20. Qxe5 $6 Qxe5 21. fxe5 Nxg5 $11) (20. fxe5 $6 Nxg5 21. Qd6 Re8 $11) ({Predecessor:} 20. Qa4 exf4 21. gxh6 g5 22. Qxc6 Rb8 23. Rd6 Kh8 24. Qc5 g4 25. Rf1 f3 26. Bxf3 gxf3 27. Rxf3 {1-0 Edouard,R (2686)-Raetsky,A (2427) Al Ain op 1st 2012 (6)}) 20... exf4 21. gxh6 $40 {[%emt 0:00:11][%mdl 128] Black is in trouble. White has more active pieces.} Be6 $2 {[%emt 0:08:04][%mdl 8192] A mistake that costs the game.} (21... g5 $16 22. Qd4 (22. Qxc6 Rb8 $16) 22... f6) 22. hxg7 ({Less strong is} 22. Bxa6 Qa7 23. Qxa7 (23. Qxc6 $2 Qxa6 24. Qxa6 Rxa6 $19) 23... Rxa7 $18) (22. Qxc6 g6 23. Bxa6 Qf6 $18) 22... Rfb8 23. Qa5 {[%emt 0:00:25] Intending Qh5 and mate.} c5 24. Rh5 {[%emt 0:01:50] Rdh1 would be deadly.} ({And not} 24. Bxa6 Bc4 25. b3 (25. Rh6 Bxa6 26. Nd5 Qe5 $15) 25... Rxa6 $15) 24... Qb7 25. b3 (25. Rxc5 $2 Qxb2#) 25... Qb4 26. Qxc5 Qxc5 27. Rxc5 {[%emt 0:00:05] And now Rg1 would win.} Kxg7 28. Rf1 a5 29. a4 ({But not} 29. Rxf4 Rc8 $18) 29... Rc8 30. Rxc8 Rxc8 31. Kb2 Kf6 32. Rxf4+ Ke5 33. Rf1 Nf6 34. Ba6 Rh8 35. Bd3 Rh2 36. Rg1 {[%emt 0:00:45] Strongly threatening Rg5+.} Ng4 37. Be2 Nf2 (37... Rh4 {was called for.} 38. Rg3 f6) 38. Rg5+ {[%emt 0:00:55][%mdl 64] Skewer} Kd4 39. Rxa5 Rh3 (39... Nxe4 $142 40. Nxe4 Rxe2) 40. Nd5 Kxe4 41. Bf1 Rh2 42. Nc3+ {[%emt 0:00:00] White is clearly winning.} Kf4 43. Rc5 Ng4 44. a5 {[%emt 0:00:00] An entertaining game by Jaracz.   Weighted Error Value: White=0.33/Black=0.43} 1-0

[Event "4NCL 2022-2023"]
[Site "Daventry"]
[Date "2023.02.12"]
[Round "6.13"]
[White "Webb, Laurence E"]
[Black "Galyas, Miklos"]
[Result "0-1"]
[ECO "D31"]
[WhiteElo "2156"]
[BlackElo "2442"]
[Annotator "TA"]
[PlyCount "172"]
[EventDate "2022.10.20"]
[EventType "team-tourn"]
[EventCountry "ENG"]
[SourceTitle "playchess.com"]
[Source "ChessBase"]
[SourceQuality "1"]
[TimeControl "40/6000+30:2400+30"]

1. d4 d5 2. c4 e6 3. Nc3 a6 4. cxd5 exd5 5. Nf3 h6 6. Bf4 {[%emt 0:01:04] D31: Queen's Gambit Declined: Semi-Slav without ...Nf6 (+ Marshall Gambit and Noteboom) and Exchange Variation lines without ...Nf6.} Nf6 7. e3 Bd6 8. Bg3 {[%emt 0:01:58] White is slightly better.} Bf5 9. Bd3 (9. Be5 $5 ) 9... Bxd3 10. Qxd3 O-O 11. O-O (11. Be5 $5 ) 11... Bxg3 12. hxg3 Nbd7 13. b4 c6 14. a4 {[%emt 0:02:35] [#]} b5 $146 ({Predecessor:} 14... Re8 15. b5 cxb5 16. axb5 a5 17. Rfc1 Rc8 18. Rc2 g6 19. Rac1 Kg7 20. Na4 Rxc2 21. Qxc2 {0-1 Williams,S (2467)-Supi,L (2612) MrDodgy Online Inv Gp-A 3rd blitz 2022 (6)}) 15. a5 Qe7 16. Rab1 Ne4 17. Rfc1 Nd6 18. Qe2 Rfe8 19. Ne1 Nc4 20. Nd3 Qg5 21. Ne1 Nf6 22. Nf3 Qf5 23. Nd1 Ne4 24. Nb2 {[%emt 0:11:05] [#]} (24. Rb3 $15) 24... Nc3 $1 $17 {[%emt 0:01:59][%mdl 576] Discovered Attack, Double Attack. Black is much more active. The white rooks are badly placed.} 25. Qd3 Qxd3 26. Nxd3 Nxb1 27. Rxb1 f6 28. Nc5 Kf7 29. g4 g5 30. g3 Rh8 31. Kg2 h5 32. gxh5 Rxh5 33. Re1 Nd6 34. Nd2 (34. g4 $17 Rhh8 35. Kg3) 34... Rhh8 ({Better is} 34... g4 $19 35. Rg1 Ke7) 35. Rc1 Ra7 36. Nf3 Ke7 37. Re1 Kf7 38. Rc1 Rh6 39. Re1 Ke8 40. Rc1 Ke7 41. Rc2 Ra8 42. Rc1 Rh7 43. Rc2 Kd8 44. Nd2 Nc4 45. Nf3 Kc7 46. Nh2 Rah8 47. Nxa6+ Kb7 48. Nc5+ Ka8 {[%emt 0:00:00] White must now prevent ...Nxe3+.} 49. Nf3 Rh1 $1 {[%emt 0:00:00] Repels Rc1} 50. e4 (50. Nd7 $17) 50... dxe4 51. Nxe4 g4 52. Nh4 Rb1 53. Nxf6 Rxb4 54. Nxg4 Nxa5 (54... c5 $1 $19 55. Nf3 cxd4) 55. Ng6 $2 {[%emt 0:00:00] This costs White the game.} (55. Nf3 $17 {keeps fighting.}) 55... Rb8 ({Weaker is} 55... Rg8 56. N4e5 $17) 56. N4e5 Rxd4 {[%emt 0:00:00] ...b4 would be deadly.} 57. Ne7 Re8 58. N7xc6 Nxc6 59. Nxc6 $19 {[%emt 0:00:21][%mdl 4096] Endgame KRR-KRN} Rc4 60. Ra2+ Ra4 61. Rb2 Kb7 62. Nb4 Rd8 63. f4 $2 (63. Na2 {is tougher.}) 63... Kb6 64. Na2 Ra3 {[%emt 0:02:26] Repels Nc3} 65. Nc1 {[%emt 0:00:49] [#]} Rg8 $1 66. Ne2 Ka5 67. f5 b4 68. Kh3 Ka4 ({Inferior is} 68... Rf3 69. Kg2 Rd3 70. f6 $17) 69. Kh4 Ra1 70. g4 Rh1+ 71. Kg3 Ka3 72. Rd2 {[%emt 0:00:34] [#]} b3 $1 {[%emt 0:00:06] ( -> ...b2)} 73. Rd7 b2 {[%emt 0:01:47] Black mates.} 74. Ra7+ Kb3 75. Rb7+ Kc2 76. Nd4+ Kd3 77. Rxb2 Kxd4 78. Rb4+ Ke5 79. Kg2 Ra1 80. Kg3 Kf6 81. Kh4 Rh1+ 82. Kg3 Kg5 83. Kg2 Ra1 84. Kf3 Re8 85. Rb6 Ra3+ 86. Kf2 Kxg4 {[%emt 0:00:07] Weighted Error Value: White=0.19 (very precise) /Black=0.12 (very precise)} 0-1

[Event "4NCL 2022-2023"]
[Site "Daventry"]
[Date "2023.02.12"]
[Round "6.14"]
[White "Kolbus, Dietmar"]
[Black "Nelson, Jonathan P"]
[Result "1/2-1/2"]
[ECO "E84"]
[WhiteElo "2277"]
[BlackElo "2164"]
[Annotator "TA"]
[PlyCount "47"]
[EventDate "2022.10.20"]
[EventType "team-tourn"]
[EventCountry "ENG"]
[SourceTitle "playchess.com"]
[Source "ChessBase"]
[SourceQuality "1"]
[TimeControl "40/6000+30:2400+30"]

1. c4 Nf6 2. d4 g6 3. Nc3 Bg7 4. e4 d6 5. f3 O-O 6. Be3 Nc6 7. Nge2 a6 8. Qd2 Rb8 9. Nc1 e5 10. Nb3 exd4 11. Nxd4 Nxd4 12. Bxd4 Be6 13. Be2 c6 14. Rd1 {[%emt 0:01:08] E84: King's Indian: Sämisch Panno: 7 Nge2 a6 8 Qd2 Rb8.} (14. a4 $14 {is superior.}) 14... b5 $11 15. cxb5 axb5 16. b4 {[%emt 0:01:29] Against Qa5} c5 17. bxc5 dxc5 18. Bxc5 Qxd2+ 19. Rxd2 Rfc8 {[%emt 0:20:11] [#]} 20. Bb4 $146 ({Predecessor:} 20. Bd6 Rb6 21. Bb4 Bf8 22. Bxf8 Kxf8 23. Nxb5 Rc1+ 24. Rd1 Rc2 25. a4 Ra2 26. Nd4 {1-0 Muehling,W (2133)-Maurer,J (2170) Landesliga Nord 0708 2007 (3.2)}) 20... Rxc3 {[%emt 0:01:29][%mdl 64] [#] Remove Defender, Decoy} 21. Bxc3 {[%emt 0:00:12] And now Bd4 would win.} Nxe4 $1 {[%emt 0:00:04][%mdl 64] Discovered Attack, Double Attack} 22. Bxg7 ({Reject} 22. fxe4 Bxc3 23. Kd1 Bxd2 24. Kxd2 Bxa2 $17) 22... Nxd2 23. Kxd2 {[%emt 0:15:52] Bf6 would be deadly.} (23. Be5 $5 Rd8 $8 24. Bxb5 $11) 23... Kxg7 24. a3 {[%emt 0:00:25] An uneventful encounter.   Weighted Error Value: White=0.09 (flawless) /Black=0.10 (very precise)} 1/2-1/2

[Event "4NCL 2022-2023"]
[Site "Daventry"]
[Date "2023.02.12"]
[Round "6.15"]
[White "Ledger, Dave J"]
[Black "Terbe, Julianna"]
[Result "1/2-1/2"]
[ECO "D45"]
[WhiteElo "2168"]
[BlackElo "2278"]
[Annotator "TA"]
[PlyCount "102"]
[EventDate "2022.10.20"]
[EventType "team-tourn"]
[EventCountry "ENG"]
[SourceTitle "playchess.com"]
[Source "ChessBase"]
[SourceQuality "1"]
[TimeControl "40/6000+30:2400+30"]

1. d4 d5 2. c4 c6 3. Nf3 Nf6 4. Nc3 e6 5. e3 a6 6. c5 Nbd7 7. b4 g6 {[%emt 0:03:33][%cal Oe6e5] D45: Semi-Slav: 5 e3.} 8. Bd3 Bg7 (8... e5 $5 9. dxe5 (9. Nxe5 Nxe5 10. dxe5 Ng4 $11) 9... Ng4 $11) 9. Bb2 O-O 10. h3 Qe7 {[%emt 0:04:07] [#]} 11. O-O $146 ({Predecessor:} 11. Ne2 Ne8 12. O-O Nc7 13. Qd2 f6 14. e4 e5 15. Ng3 dxe4 16. Nxe4 f5 17. Nd6 {0-1 Postny,E (2552)-Aagaard,J (2461) La Nucia op 2021 (6)}) 11... e5 12. dxe5 Nxe5 13. Nxe5 Qxe5 14. Qe2 Bf5 15. Rad1 (15. Ne4 {keeps more tension.} Qe6 16. Nd6 Bxd3 17. Qxd3 Qe7 18. a4) 15... Bxd3 16. Rxd3 {[%emt 0:00:38][%cal Oc3d5] Hoping for Nxd5!} Qe7 17. Na4 Rfe8 18. Bd4 Nd7 (18... Nh5 $5 19. Qb2 f5 $11) 19. Bxg7 Kxg7 20. Rd4 Qf6 21. Qd2 Nf8 22. Nb6 Rad8 23. Rd1 Ne6 24. Rd3 Ng5 25. Qc2 Re4 26. Rd4 Rde8 27. a3 Rxd4 28. Rxd4 Re4 (28... Ne6 $11 29. Rd1 Ng5) 29. h4 $1 $16 Ne6 30. Rxe4 dxe4 31. Qxe4 {[%emt 0:00:52][%mdl 4096] Endgame KQN-KQN} Qa1+ 32. Kh2 {[%emt 0:00:06] Active counter play!} Qb2 (32... Qxa3 $16 {keeps fighting.} 33. Qe5+ Kg8) 33. Kg3 $18 Qxa3 34. Qe5+ Kg8 35. Nd7 $1 Qxb4 36. Nf6+ {[%emt 0:03:27][%mdl 64] Deflection} Kf8 37. Nxh7+ Kg8 38. Nf6+ Kf8 39. h5 $1 gxh5 {[%emt 0:04:28] [#]} 40. Nd7+ $2 ({Worse is} 40. Qxh5 Qb1 $11) (40. Nxh5 Qxc5 41. Qb8+ Ke7 42. Qxb7+ Kf8 43. Qb8+ Ke7 44. Qb7+ Kf8 45. Qc8+ Ke7 46. Qb7+ $11) ({Only move:} 40. Qb8+ $1 $18 Kg7 41. Nxh5+ Kh7 42. Qe8) 40... Ke8 $11 41. Nf6+ $2 (41. Qxh5 $11 Kxd7 42. Qxf7+ Kd8 43. Qxe6) 41... Kf8 $16 {[%emt 0:00:00] [#]} 42. Qxh5 $2 (42. Qb8+ $1 $16 Kg7 43. Nxh5+ Kh7 44. Qe8) 42... a5 $11 {[%emt 0:02:21] The position is equal.} 43. Nd7+ Ke7 44. Ne5 Qxc5 {[%emt 0:02:10] And now ...Nd8 would win.} 45. Qxf7+ Kd6 46. Ng4 b5 ({Much less strong is} 46... Qg5 47. Qxb7 Nc5 48. Qb8+ Kd5 49. f3 $16) 47. e4 {[%emt 0:10:27] Strongly threatening e5+.} ({Don't go for} 47. Qf6 $2 b4 48. f3 Qc3 $19) 47... Qc3+ (47... Qg5 $2 48. e5+ Kd5 49. Qd7+ Kc5 50. Qxe6 $18) 48. Kh2 Qh8+ 49. Kg1 {[%emt 0:00:35] e5+ is the strong threat.} Qa1+ 50. Kh2 {[%emt 0:00:03] Black must now prevent e5+.} Qh8+ 51. Kg1 {[%emt 0:00:03] aiming for e5+.} Qa1+ {[%emt 0:00:07] White really could win this.   Weighted Error Value: White=0.19 (very precise) /Black=0.14 (very precise)} 1/2-1/2

[Event "4NCL 2022-2023"]
[Site "Daventry"]
[Date "2023.02.12"]
[Round "6.16"]
[White "Magold, Victor"]
[Black "Varney, Zoe"]
[Result "1/2-1/2"]
[ECO "D41"]
[WhiteElo "2040"]
[BlackElo "1937"]
[Annotator "TA"]
[PlyCount "110"]
[EventDate "2022.10.20"]
[EventType "team-tourn"]
[EventCountry "ENG"]
[SourceTitle "playchess.com"]
[Source "ChessBase"]
[SourceQuality "1"]
[TimeControl "40/6000+30:2400+30"]

1. d4 d5 2. c4 e6 3. Nf3 Nf6 4. Nc3 c5 5. cxd5 Nxd5 6. Nxd5 Qxd5 {[%emt 0:00:13] D41: Queen's Gambit Declined: Semi-Tarrasch with 5 cxd5.} 7. Be3 cxd4 8. Qxd4 Qxd4 9. Bxd4 Bb4+ {[%emt 0:06:58][%cal Bf8b4,Bb4a5,Ba5c7][%mdl 32] [#]} 10. Kd1 $146 ({Predecessor:} 10. Nd2 O-O 11. Rc1 Nc6 12. Bc3 Bd7 13. e3 Rac8 14. Bd3 Ne5 15. Be4 Bxc3 16. Rxc3 Rxc3 17. bxc3 {½-½ Tillyaev,U (2325)-Csonka,B (2483) Titled Tuesday intern op 09th Nov blitz 2021 (10)}) 10... O-O 11. a3 Ba5 12. b4 Rd8 13. Kc2 (13. bxa5 $5 e5 14. Nxe5 Rxd4+ 15. Ke1 $11) 13... Bc7 14. e3 Nc6 15. Bc3 b6 16. Be2 Bb7 17. Rhd1 Ne7 18. Rxd8+ Rxd8 19. Rd1 Rxd1 20. Kxd1 Be4 21. g3 Nd5 22. Bb2 Nf6 23. Nd2 {[%emt 0:01:32] Bxf6 would be deadly.} Bb7 24. Kc2 Kf8 25. f3 Ke7 26. e4 g6 27. Bd3 h5 28. e5 Nd5 29. Be4 Ne3+ 30. Kd3 Bxe4+ 31. Kxe4 $14 {[%emt 0:00:21][%mdl 4096] Endgame KBN-KBN} Nd5 32. b5 f5+ 33. exf6+ Nxf6+ 34. Bxf6+ Kxf6 $16 {[%emt 0:00:01] KB-KN} 35. Nf1 g5 36. h3 (36. Nd2 $16) 36... Bd6 37. a4 h4 $2 (37... Be5 $11) 38. gxh4 $18 gxh4 39. Ne3 Bg3 (39... Ke7 $142 40. Nc4 Bc5) 40. f4 Be1 41. Ng2 Bg3 42. Ne3 Be1 $1 43. Nc4 Ke7 {[%emt 0:04:05] [#]} (43... Bg3 $142 44. Nd6 Bh2) 44. Kf3 $1 Kd7 45. Kg4 Ke7 46. Kg5 $2 (46. Ne3 $18 Bc3 47. Ng2) 46... Bg3 47. Kg4 $2 (47. Nd2 $16) 47... Be1 $1 48. Kf3 $2 (48. Ne5 Kf6 49. Nf3) 48... Kd7 49. Ke3 (49. Ne3 $18) 49... Ke7 $2 ({Better is} 49... Bc3 $1 $14) 50. Ke2 $2 (50. Nd2 Kd7 51. Ke2) 50... Bg3 $2 (50... Bb4 51. Kf3 Bc3) 51. Kf3 Be1 {[%emt 0:00:19] [#]} 52. Kg4 $1 Kd7 53. Kh5 $2 (53. Ne5+ $18 Kd6 54. Nf3) 53... Bg3 $11 54. Kg5 $2 (54. Ne5+ $11 Kd6 55. Ng6) 54... Ke7 $18 55. Kg4 Be1 $1 {[%emt 0:05:11][%mdl 32768] Weighted Error Value: White=0.82/Black=0.43. An unexpected result.} 1/2-1/2

[Event "4NCL 2022-2023"]
[Site "Daventry"]
[Date "2023.02.12"]
[Round "6.17"]
[White "Chow, Samuel"]
[Black "Makkar, Rajat"]
[Result "1-0"]
[ECO "E92"]
[WhiteElo "2308"]
[BlackElo "2426"]
[Annotator "TA"]
[PlyCount "137"]
[EventDate "2022.10.20"]
[EventType "team-tourn"]
[EventCountry "ENG"]
[SourceTitle "playchess.com"]
[Source "ChessBase"]
[SourceQuality "1"]
[TimeControl "40/6000+30:2400+30"]

1. d4 Nf6 2. c4 g6 3. Nc3 Bg7 4. e4 d6 5. Nf3 O-O 6. Be2 e5 7. Be3 Ng4 8. Bg5 f6 9. Bh4 Nc6 {[%emt 0:01:23] 9...Nc6 is better than 9...g5.} 10. d5 Ne7 11. h3 {[%emt 0:02:11] E92: King's Indian: Classical: 6 Be2 e5: 7 dxe5, 7 Be3 and Petrosian System without 7...Nbd7.} Nh6 12. g4 Nf7 13. Nd2 {[%emt 0:02:31] White is slightly better.} c6 {[%emt 0:06:52] [#]} 14. Qb3 $146 ({Predecessor:} 14. f3 cxd5 15. cxd5 Bd7 16. a4 a6 17. a5 Nc8 18. Qb3 Qc7 19. Nc4 Rb8 20. Bf2 {0-1 Stukan,M (2169)-Ajay,K (2298) Moscow Aeroflot op-B 18th 2019 (7)}) 14... a6 15. a4 Qa5 16. O-O c5 17. f3 Qc7 18. Kg2 Bh6 19. Qc2 (19. Rad1 $11) 19... f5 (19... Kg7 $15) 20. Bd3 fxg4 21. hxg4 Bf4 22. Ne2 g5 23. Nxf4 gxh4 24. Nh5 (24. Ne6 $2 Bxe6 25. dxe6 Ng5 $19) 24... Ng6 (24... Ng5 {is more complex.} 25. Qc3 Ng6 26. Be2 b6) 25. Be2 (25. Nf6+ Kh8 26. Nh5 Ng5 $17) 25... Ng5 26. Nb3 (26. Qc3 $15) 26... Nf4+ $17 27. Nxf4 Rxf4 28. Nc1 Qg7 (28... Bxg4 $142 $1 29. fxg4 Rxf1 30. Bxf1 (30. Kxf1 $2 Qf7+ 31. Kg1 Qf4 $19) 30... Qf7) 29. Nd3 Rf7 30. Kh1 Bd7 31. Qd2 a5 32. b3 ({Better is} 32. Qe3) 32... Kh8 33. Qe3 Raf8 34. Rf2 Qg6 35. Raf1 b6 36. Kh2 Bc8 37. Bd1 Rf6 38. Be2 R8f7 39. Bd1 Kg8 40. Ne1 Kf8 ({Black should play} 40... Qg7 $17) 41. Ng2 $1 $11 Qh6 42. Qe1 h3 43. Ne3 Rf4 44. Nf5 {[%emt 0:04:08] Against Qh4} Bxf5 45. gxf5 Rg7 (45... Qh4 $5 46. Re2 $8 Qh6 $11) 46. Rc2 $2 (46. Rg1 $11 {and White is okay.}) 46... Qh5 $19 47. Rc3 Nf7 $1 48. Rc2 {[%emt 0:09:21] Prevents Rg2+. White is weak on the dark squares} Qh6 $2 (48... Rh4 $1 $19 49. Qe3 Rg2+ 50. Kh1 (50. Rxg2 hxg2+ 51. Kxg2 Rh2+ 52. Kg1 Qh3) 50... Ng5) 49. Rg1 $1 $15 Rxg1 50. Qxg1 Ng5 (50... Rh4 $15) 51. Rc3 Qh5 52. Qf1 $2 (52. Re3 $11) 52... Qh4 $1 $36 {[%emt 0:01:55][%mdl 2048] White is under strong pressure.} 53. Bc2 Qg4 54. Bd1 (54. fxg4 $2 Rxf1 55. Kg3 Rc1 $19) 54... Qh4 55. Bc2 h5 ({Black should try} 55... Rxf5 $1 $19 {White must now prevent ...Qf4+.} 56. exf5 Qf4+ 57. Kh1 Qd2) 56. Qe2 $1 $15 Nh7 $1 {[%emt 0:00:34] And now ...Nf6 would win.} 57. Qe3 $2 {[%emt 0:02:05] [#]} (57. Kh1 $2 Qg3 58. Re3 h4 $19) (57. Bd1 $1 $11 {and White has nothing to worry.}) 57... Nf6 $2 ({Stronger than} 57... Ng5 58. Bd1 $11) (57... Qg5 $1 $19 58. Qe2 (58. Qg1 $2 Rg4 $19) 58... Nf6) 58. Bd3 $2 {[%emt 0:02:29][%mdl 8192] [#]} (58. Bd1 $11) 58... Rxf3 $2 59. Qxf3 $11 Ng4+ 60. Kh1 $1 {[%emt 0:01:24] Rc2 would be deadly.} Nf2+ 61. Kh2 {[%emt 0:00:11] Hoping for Rc2.} Ng4+ 62. Kh1 $1 {[%emt 0:00:14] Threatens to win with Rc2.} Qe1+ 63. Bf1 Qd2 {[%emt 0:01:15][%csl Gg4][%cal Rd2h2] Wards off Rc2} 64. Qg3 {[%emt 0:03:42] Against Qh2+} (64. Qxh3 $2 {perishes.} Nf2+ 65. Kg1 Nxh3+ 66. Rxh3 Qd4+ 67. Kg2 Qxe4+ 68. Kf2 Qd4+ 69. Re3 Ke7 $19) 64... Nf2+ 65. Kg1 h2+ $2 (65... Qd4 $11 66. Kh2 Qd2) 66. Qxh2 $18 {[%emt 0:00:26] White is clearly winning.} Qxc3 67. Qxf2 Qxb3 68. Qd2 {[%emt 0:00:49] aiming for Qh6+.} Qg3+ 69. Bg2 {[%emt 0:00:44] Both players deserved the win here.   Weighted Error Value: White=0.35/Black=0.31} 1-0

[Event "4NCL 2022-2023"]
[Site "Daventry"]
[Date "2023.02.12"]
[Round "6.18"]
[White "Roberson, Peter T"]
[Black "Wall, Tim P"]
[Result "1-0"]
[ECO "B06"]
[WhiteElo "2426"]
[BlackElo "2239"]
[Annotator "TA"]
[PlyCount "81"]
[EventDate "2022.10.20"]
[EventType "team-tourn"]
[EventCountry "ENG"]
[SourceTitle "playchess.com"]
[Source "ChessBase"]
[SourceQuality "1"]
[TimeControl "40/6000+30:2400+30"]

1. e4 g6 2. d4 Bg7 3. Nc3 d6 4. Be3 a6 5. h4 h6 6. Qd2 {[%emt 0:02:51] White is more active. B06: Modern Defence.} b5 7. O-O-O Bb7 8. f3 {[%emt 0:00:13] White is slightly better.} Nd7 9. g4 Ngf6 {[%emt 0:02:27] was the old line (9...Rc8).} 10. Nh3 Nb6 11. a3 Nfd7 12. Kb1 c5 13. dxc5 dxc5 {[%emt 0:00:39] [#]} 14. Nf4 $146 (14. Nf2 $11) ({Predecessor:} 14. Be2 Qc7 15. Nf2 O-O-O 16. Bxb5 Nb8 17. Nd3 Bxc3 18. Qxc3 axb5 19. Qxc5 Nc4 20. Qxc7+ Kxc7 {½-½ Sarenac,I (2388)-Popovic,D (2518) SRB-chT Valjevo 2018 (10.5)}) 14... e6 $15 15. Qe1 (15. Qd6 $11 Rc8 16. Na2) 15... Rc8 16. Nd3 Qe7 17. Nc1 Ne5 $1 18. Be2 (18. Nb3 $15) 18... Nec4 19. Bxc4 Nxc4 20. Nd3 O-O 21. Bc1 ({White should try} 21. g5) 21... b4 22. axb4 cxb4 23. Na4 a5 24. Qf2 Qc7 25. g5 h5 $1 {[%emt 0:00:47] ...Bc6 would be deadly.} 26. Nac5 $2 (26. Qc5 {was worth a try.}) 26... a4 $19 27. Nxa4 (27. b3 {keeps fighting.} axb3 28. cxb3) 27... Ra8 28. b3 Ra5 {[%emt 0:15:04] Against Qc5} 29. e5 (29. Bb2 $142 Nxb2 30. Ndxb2) 29... Bc6 ({Stronger than} 29... Nxe5 30. Bb2 $17) ({Not} 29... Bxe5 30. Nxe5 Nxe5 31. Bf4 $15) 30. f4 Bxa4 31. bxa4 Rxa4 $2 (31... Qc6 32. Nb2 Na3+ {[%mdl 64] Deflection} 33. Ka2 Nb5) 32. Qc5 {[%emt 0:00:29] [#]} Rfa8 $1 33. Bb2 {[%emt 0:00:01] [#] Prevents Ra1+.} Nxb2 $2 34. Qxc7 $17 Nxd1 35. Kc1 Ne3 ({Black should play} 35... Nc3 {And now ...Ra1+ would win.} 36. Kd2 Nd5) 36. Kd2 Nd5 37. Qb7 (37. Qc4 $17 {was necessary.}) 37... Bf8 $19 38. f5 R8a7 39. Qb8 {[%emt 0:00:29] Strongly threatening fxe6.} exf5 {[%emt 0:00:39] [#]} (39... gxf5 $17 {and life is bright. White must now prevent ...Ra8.} 40. Rb1 Ra8) 40. e6 $1 $16 {[%emt 0:00:24][%mdl 64] Re1 is the strong threat. Decoy. Really sharp!} fxe6 (40... Ra2 $16 {is a better defense.}) 41. Qe8 $1 {[%emt 0:07:25][%csl LRe6,LRg6] Weighted Error Value: White=0.46/Black=0.49} 1-0